 Dungeon Crawl Stone Soup version 0.28-a0-1518-gbe868bca14 (webtiles) character file.

Game seed: 4593342233021179456

1390 flotson the Ducker (level 8, -10/61 HPs)
             Began as a Demonspawn Gladiator on Jan 16, 2022.
             Was an Initiate of Gozag.
             Mangled by an ogre (25 damage)
             ... on level 6 of the Dungeon.
             The game lasted 00:08:33 (5305 turns).

flotson the Ducker (Demonspawn Gladiator)           Turns: 5305, Time: 00:08:34

Health: -10/61     AC: 16    Str: 16    XL:     8   Next: 40%
Magic:  8/8        EV: 12    Int: 11    God:    Gozag
Gold:   474        SH:  0    Dex: 14    Spells: 7/7 levels left

rFire   . . .      SeeInvis .   e - +0 whip (distort)
rCold   . . .      Faith    .   (no shield)
rNeg    . . .      Spirit   .   g - +0 ring mail
rPois   .          Reflect  .   x - +0 helmet
rElec   .          Harm     .   (no cloak)
rCorr   .          Rampage  .   (no gloves)
Will    .....                   (no boots)
Stlth   +.........              (no amulet)
HPRegen 0.20/turn               (no ring)
MPRegen 0.11/turn               (no ring)

@: gold aura, sanguine armoured
A: hooves 1, sanguine armour 2, demonic magic 1
a: Renounce Religion, Potion Petition, Call Merchant, Bribe Branch


You were on level 6 of the Dungeon.
You worshipped Gozag.
Gozag was aware of your devotion.
You visited 2 branches of the dungeon, and saw 7 of its levels.
You also visited: Sewer.

You collected 509 gold pieces.
You paid 35 gold pieces to Gozag.

Inventory:

Hand Weapons
 a - a +0 war axe
 c - the +7 dagger "Iffarph" {pain, rPois Str+3 Dex+4}
   (You found it on level 6 of the Dungeon)

   In the hands of one skilled in necromantic magic, it inflicts extra damage on
   living creatures.
   Str:       It affects your strength (+3).
   Dex:       It affects your dexterity (+4).
   rPois:     It protects you from poison.
 e - a +0 whip of distortion (weapon)
Missiles
 q - 6 poisoned darts (quivered)
Armour
 g - a +0 ring mail (worn)
 x - a +0 helmet (worn)
Scrolls
 f - 7 scrolls of teleportation {unknown}
 h - a scroll of enchant weapon {unknown}
 i - 4 scrolls of magic mapping {unknown}
 j - 2 scrolls of blinking {unknown}
 l - a scroll of enchant armour {unknown}
 n - a scroll of vulnerability {unknown}
 r - a scroll of amnesia {unknown}
 s - a scroll of holy word {unknown}
 t - a scroll of fog {unknown}
 v - a scroll of identify {unknown}
 w - a scroll of immolation {unknown}
Potions
 b - a potion of berserk rage {unknown}
 k - a potion of cancellation {unknown}
 m - a potion of flight {unknown}
 o - a potion of might {unknown}
 p - 2 potions of mutation {unknown}


   Skills:
 + Level 4.9 Fighting
 + Level 5.0 Axes
 + Level 4.4 Throwing
 + Level 4.0 Armour
 + Level 5.0 Dodging


You had 7 spell levels left.
You didn't know any spells.
Your spell library contained the following spells:

 Spells                   Type           Power      Damage    Failure   Level
 Sublimation of Blood     Necr           0%         N/A       67%         2
 Petrify                  Tmut/Erth      0%         N/A       99%         4
 Irradiate                Conj/Tmut      0%         3d14      100%        5
 Metabolic Englaciation   Hex/Ice        0%         N/A       100%        5
 Statue Form              Tmut/Erth      0%         N/A       100%        6


Dungeon Overview and Level Annotations

Branches:
Dungeon (6/15)             Temple (1/1) D:4           Sewer (visited)

Altars:
Ashenzari
Gozag
Nemelex Xobeh
Qazlal

Annotations:
D:5 3 runed translucent doors, hashsling's ghost, amateur DECj
Abyss:1 Maggie


Innate Abilities, Weirdness & Mutations

You have large cloven feet.
When seriously injured, your blood forms thick armour. (AC +9)
Spells you cast may paralyse adjacent enemies.


Message History

You kill the howler monkey!
The centaur unwields a +0 shortbow.
The centaur hits you but does no damage.
The centaur closely misses you.
Your Dodging skill increases to level 5!
You barely miss the centaur. You kick the centaur, but do no damage.
The centaur barely misses you.
The centaur kicks you but does no damage.
The centaur hits you but does no damage.
The centaur kicks you but does no damage.
You closely miss the centaur.
The centaur hits you but does no damage.
The centaur kicks you but does no damage.
You hit the centaur but do no damage.
Space warps horribly around the centaur!
Your kick misses the centaur.
The centaur is heavily wounded.
The centaur barely misses you. x3
The centaur kicks you but does no damage.
You hit the centaur.
Space warps around the centaur.
You kick the centaur, but do no damage.
The centaur is severely wounded.
The centaur closely misses you. The centaur barely misses you.
You hit the centaur.
Space warps horribly around the centaur!
You kill the centaur!
Your Axes skill increases to level 5!
Your Armour skill increases to level 4!
You see here 8 gold pieces.
The ogre hits you with a +0 giant club!
* * * LOW HITPOINT WARNING * * *
Throw: 7 darts (poison)
Press: ? - help, Q - select action, (/) - cycle Shift-Dir - straight line, f - ogre
Aim: an ogre, wielding a +0 giant club (77% to hit)
You throw a poisoned dart.
The poisoned dart barely misses the ogre.
You barely miss the ogre. You kick the ogre.
The ogre is lightly wounded.
The ogre hits you with a +0 giant club!!
You die...
Your body crumbles into a pile of gold.

...(..........# ..#
#..$♣...♣/.# ..# #(.(.$.....##
#.# #...........## #.# ##
#..♣..(♣...♣..######## #.# #..
#....................# #.# #..
#.....................###.###..
#.♣...♣...♣...♣................
#............O@................
#.............................
..♣...♣...♣..................
...........#.......###.###.$
#..........#.......# #.###..
#..♣...♣...######### #......
#..........# #.....###......
#...#......# #..............
##.....###### #........#.#.#.


You could see an ogre.

Vanquished Creatures
  Grinder (D:5)
  An ice beast (D:4)
  2 ogres (D:5)
  A centaur (D:6)
  A howler monkey (D:6)
  5 jellies
  A centaur skeleton (D:5)
  4 iguanas
  6 adders
  A howler monkey skeleton (D:5)
  A river rat (D:4)
  An adder skeleton (D:4)
  A worm (D:3)
  2 dart slugs
  10 orcs
  5 ball pythons
  6 bats
  16 endoplasms
  5 giant cockroaches
  8 hobgoblins
  4 jackals (D:1)
  2 quokkas
  5 frilled lizards
  7 goblins
  6 kobolds
  8 rats
110 creatures vanquished.

Vanquished Creatures (others)
  A fungus (D:1)
  A plant (D:1)
2 creatures vanquished.

Grand Total: 112 creatures vanquished

Notes
Turn   | Place    | Note
-------+----------+-------------------------------------------
     0 | D:1      | flotson the Demonspawn Gladiator began the quest for the
                  | Orb.
     0 | D:1      | Reached XP level 1. HP: 16/16 MP: 1/1
    40 | D:1      | Found a faded altar of an unknown god.
   122 | D:1      | Gained mutation: Spells you cast may paralyse adjacent
                  | enemies. [demonic ancestry]
   122 | D:1      | Reached XP level 2. HP: 22/22 MP: 2/2
   446 | D:1      | Reached XP level 3. HP: 23/28 MP: 3/3
   654 | D:1      | Reached skill level 1 in Armour
  1233 | D:2      | Gained mutation: When seriously injured, your blood forms
                  | armour. (AC +9) [demonic ancestry]
  1233 | D:2      | Reached XP level 4. HP: 34/34 MP: 4/4
  1718 | D:3      | Found a sparkling altar of Nemelex Xobeh.
  1781 | D:3      | Found a broken altar of Ashenzari.
  2222 | D:4      | Gained mutation: When seriously injured, your blood forms
                  | thick armour. (AC +9) [demonic ancestry]
  2222 | D:4      | Reached XP level 5. HP: 25/40 MP: 5/5
  2239 | D:4      | Found a staircase to the Ecumenical Temple.
  2261 | Temple   | Entered the Ecumenical Temple
  2345 | Temple   | Became a worshipper of Gozag Ym Sagoz the Greedy
  2382 | D:4      | Noticed an ice beast
  2383 | D:4      | Found a glowing drain.
  2409 | D:4      | Killed an ice beast
  2432 | Sewer    | Entered a sewer
  2709 | Sewer    | Reached XP level 6. HP: 45/47 MP: 6/6
  2982 | Sewer    | Found a viscous altar of Jiyva.
  3731 | D:5      | Entered Level 5 of the Dungeon
  3778 | D:5      | Noticed Grinder
  3778 | D:5      | Paralysed by Grinder for 4 turns
  3794 | D:5      | Killed Grinder
  3795 | D:5      | Gained mutation: You have large cloven feet. [demonic
                  | ancestry]
  3795 | D:5      | Reached XP level 7. HP: 35/54 MP: 7/7
  4899 | D:5      | Noticed hashsling's ghost (amateur DECj)
  4914 | D:5      | Found a runed translucent gate.
  4914 | D:5      | Found a runed translucent gate.
  4914 | D:5      | Found a runed translucent gate.
  4914 | D:5      | Noticed a yak
  5269 | D:6      | Identified the +7 dagger "Iffarph" {pain, rPois Str+3
                  | Dex+4}
  5276 | D:6      | Noticed Maggie
  5288 | D:6      | Banished Maggie
  5289 | D:6      | Reached XP level 8. HP: 20/61 MP: 8/8
  5291 | D:6      | Reached skill level 5 in Dodging
  5296 | D:6      | Reached skill level 5 in Axes
  5305 | D:6      | Mangled by an ogre

Illustrated notes

Levels and vault maps discovered:
D:1:      elethiomel_arrival_shortcut, layout_basic,
          dreamdust_ecumenical_altar_grove
D:2:      layout_basic
D:3:      kennysheep_big_flooded_room, layout_rooms, nemelex_spade_bored_becter,
          nicolae_ashenzari_skybound, due_unseen_surprise
D:4:      layout_basic, temple_pool_b, portal_sewer_entry_b
D:5:      layout_layer_cave, gammafunk_ghost_split, serial_park_tiny_2,
          uniq_grinder
D:6:      layout_basic, hex_medium, kennysheep_doodads, uniq_maggie,
          uniq_blork_the_orc
Temple:   oiseaux_autumnal_temple

Skill      XL: |  1  2  3  4  5  6  7  8 |
---------------+-------------------------+-----
Throwing       | 2 3 4 |  4.4
Armour         | 1 2 3 4 |  4.0
Axes           | 3 4 5 |  5.0
Dodging        | 3 4 5 |  5.0
Fighting       | 3 4 |  4.9

Action                   |  1- 3 |  4- 6 |  7- 9 || total
-------------------------+-------+-------+-------++-------
Melee: War axe           |    14 |       |       ||    14
       Whip              |    87 |   160 |    53 ||   300
       Punch             |       |     1 |     1 ||     2
       Kick              |       |       |    22 ||    22
Throw: Throwing net      |     1 |       |     4 ||     5
       Dart              |       |       |     8 ||     8
Evoke: Wand              |       |     5 |     1 ||     6
 Stab: Distracted        |     1 |     2 |       ||     3
       Held in net/web   |       |       |     2 ||     2
Armor: Leather armour    |     7 |       |       ||     7
       Ring mail         |    21 |    38 |    20 ||    79
Dodge: Dodged            |    64 |    72 |    26 ||   162

Table legend: (Time is in decaauts)
 A = Elapsed time spent in this place.
 B = Non-inter-level travel time spent in this place.
 C = Inter-level travel time spent in this place.
 D = Time resting spent in this place.
 E = Time spent auto-exploring this place.
 F = Levels seen in this place.
 G = Mean time per level.
                   A        B        C        D        E       F      G
               +--------+--------+--------+--------+--------+-----+--------+
         Total |   5346 |   5110 |    236 |    176 |   3948 |   8 |  668.2 |
       Dungeon |   4590 |   4370 |    220 |      2 |   3526 |   6 |  765.0 |
        Temple |    100 |     84 |     16 |      0 |     74 |   1 |  100.0 |
         Sewer |    655 |    655 |      0 |    174 |    348 |   1 |  655.0 |
               +--------+--------+--------+--------+--------+-----+--------+

Top non-repeatable levels by time:
     D:5: 1429 daAuts
     D:4: 973 daAuts
     D:1: 785 daAuts
   Sewer: 655 daAuts
     D:2: 647 daAuts
     D:3: 614 daAuts
     D:6: 140 daAuts
  Temple: 100 daAuts
